Map: Ley Lines

Players

Fairespiter

  • Race: Protoss Protoss
  • League: Master
  • Spawn Location: 1:00

IA (Muy fácil) 2 - Winner!

  • Race: Terran Terran
  • Spawn Location: 7:00

VOD

Have the link to the VOD?

Description

Time

  • Played on: July 7, 2025, 11:52 a.m.
  • Length: 10:00
Show
View Real Time Build Order
Export as new Build Order

Fairespiter Protoss 

Build Orders: 1 Gate Expand, Phoenix Opening, Blink Stalkers, Dark Templar Rush 

Get SALT Encoding   

  12  0:00  Probe  
  13  0:12  Probe  
  14  0:18  Pylon  
  14  0:23  Probe  
  15  0:32  Probe  
  15  0:38  Gateway  
  15  0:40  Probe  
  16  0:46  Assimilator  
  17  0:53  Probe  
  18  1:05  Probe  
  19  1:18  Probe  
  20  1:23  Nexus  
  20  1:34  Cybernetics Core  
  20  1:38  Probe  
  21  1:41  Assimilator  
  21  1:51  Probe, Pylon  
  22  1:58  Stalker  
  22  2:03  Probe  
  23  2:11  Warp Gate  
  26  2:15  Probe  
  26  2:26  Sentry  
  26  2:27  Probe  
  29  2:31  Probe  
  30  2:37  Phoenix  
  30  2:39  Probe  
  30  2:40  Probe  
  32  2:50  Probe  
  32  2:51  Twilight Council  
  32  2:52  Probe  
  32  2:53  Stalker  
  36  3:02  Probe  
  36  3:04  Probe  
  38  3:10  Gateway  
  38  3:11  Shield Battery  
  38  3:14  Probe  
  38  3:16  Probe  
  38  3:18  Blink  
  40  3:24  Pylon  
  40  3:26  Probe  
  41  3:28  Probe  
  42  3:46  Probe x2  
  44  3:50  Dark Shrine  
  44  3:52  Gateway  
  44  3:53  Gateway  
  44  3:56  Assimilator  
  44  4:00  Probe x2, Assimilator  
  46  4:08  Robotics Facility  
  46  4:12  Probe  
  46  4:13  Probe  
  46  4:14  Pylon  
  48  4:21  Stalker  
  50  4:24  Stalker  
  52  4:32  Probe x2  
  52  4:36  Pylon  
  54  4:44  Warp Prism  
  56  5:01  Nexus  
  56  5:02  Pylon  
  56  5:10  Dark Templar x3  
  56  5:11  Dark Templar  
  64  5:39  Probe x2  
  64  5:40  Protoss Ground Weapons Level 1  
  64  5:41  Charge  
  66  5:46  Forge  
  66  5:48  Gateway  
  66  5:50  Gateway  
  66  5:51  Probe x2  
  66  5:52  Gateway  
  66  5:53  Gateway  
  68  6:04  Zealot x4  
  68  6:07  Probe x2  
  78  6:15  Probe, Templar Archives  
  78  6:16  Probe x2  
  78  6:23  Probe  
  78  6:24  Probe x2  
  84  6:33  Probe x2  
  84  6:34  Probe  
  84  6:38  Zealot x3  
  93  6:41  Psionic Storm  
  93  6:44  Pylon  
  93  6:49  Pylon  
  93  6:57  Pylon  
  93  6:58  Pylon  
  93  7:02  Zealot x4  
  93  7:07  Pylon  
  101  7:09  High Templar x4  
  109  7:19  Protoss Ground Weapons Level 2  
  109  7:23  Zealot x4  
  109  7:25  Pylon  
  109  7:27  Pylon  
  117  7:44  Zealot x8  
  133  7:59  Gateway  
  133  8:00  Gateway  
  133  8:01  Nexus  
  133  8:09  Forge  
  133  8:17  Robotics Bay, Robotics Facility  
  133  8:24  Zealot x6  
  133  8:26  Zealot  
  147  8:27  Zealot  
  147  8:33  Pylon  
  149  8:48  Pylon  
  149  8:49  Pylon  
  149  8:51  Probe x3  
  152  9:09  Pylon  
  152  9:11  Zealot x10, Pylon  
  172  9:25  Probe x4  
Show
View Real Time Build Order
Export as new Build Order

IA (Muy fácil) 2 Terran - Winner!

Build Orders:  

Get SALT Encoding   

  12  0:00  SCV  
  13  0:13  SCV  
  14  0:18  Supply Depot  
  14  0:37  Refinery  
  14  0:43  Barracks  
  14  1:03  Supply Depot  
  14  1:13  SCV  
  15  1:25  SCV  
  15  1:30  Marine  
  17  1:37  SCV  
  18  1:49  Reaper  
  18  1:50  SCV  
  20  2:02  SCV  
  21  2:14  SCV  
  22  2:26  Orbital Command  
  22  4:34  Marine, SCV  
  22  4:36  Refinery  
  24  4:38  Factory  
  24  4:40  Supply Depot  
  24  4:46  SCV  
  25  5:02  SCV  
  25  5:03  Supply Depot  
  26  5:09  Marine  
  27  5:14  SCV  
  28  5:24  Starport  
  28  5:26  SCV  
  27  5:45  Marine  
  28  5:56  SCV  
  25  6:00  Command Center  
  25  6:01  Starport Tech Lab  
  25  6:04  Barracks Tech Lab  
  20  6:08  SCV  
  21  6:14  Hellion  
  23  6:20  SCV  
  23  6:22  Raven  
  26  6:32  SCV  
  27  6:42  Marine  
  27  6:44  SCV  
  29  6:56  Raven, SCV  
  33  7:08  SCV  
  33  7:12  SCV  
  34  7:18  Marauder  
  34  7:20  Refinery, SCV  
  37  7:24  Refinery  
  37  7:26  SCV  
  38  7:34  SCV  
  39  7:41  SCV  
  40  7:48  SCV  
  41  7:55  SCV  
  42  8:02  SCV  
  43  8:10  SCV  
  44  8:17  SCV  
  45  8:24  SCV  
  46  8:31  SCV  
  47  8:38  SCV  
  48  8:45  SCV  
  49  8:53  SCV  
  50  9:00  SCV  
  51  9:07  SCV  
  52  9:20  Medivac  
  52  9:22  Marauder, Supply Depot  
  56  9:30  SCV  
  51  9:37  SCV  
  35  9:44  SCV  
  35  9:45  Factory Tech Lab  
Tags
 
Add a new tag
Caveats
  • Supply blocks, unpowered buildings, or Contaminate may cause inaccurate times.
  • Supply counts are checked every 10 seconds.